 Dungeon Crawl Stone Soup version 0.27.0-65-ge2af304b15 (webtiles) character file.

Game seed: 1251768343947698843

7 nxtlvl the Firebug (level 2, -2/19 HPs)
             Began as a Formicid Fire Elementalist on Aug 19, 2021.
             Slain by a killer bee zombie (3 damage)
             ... on level 6 of the Dungeon.
             The game lasted 00:06:45 (353 turns).

nxtlvl the Firebug (Formicid Fire Elementalist)      Turns: 353, Time: 00:06:46

Health: -2/19      AC:  2    Str: 12    XL:     2   Next: 10%
Magic:  5/5        EV: 12    Int: 14    God:
Gold:   8          SH:  0    Dex: 11    Spells: 3/5 levels left

rFire    . . .     SeeInvis +   a - +0 club
rCold    . . .     Faith    .   (no shield)
rNeg     . . .     Spirit   .   b - +0 robe
rPois    .         Reflect  .   (helmet unavailable)
rElec    .         Harm     .   (no cloak)
rCorr    .         Rampage  .   (no gloves)
Will     .....                  (no boots)
Stlth    +.........             (no amulet)
HPRegen  0.06/turn              (no ring)
MPRegen  0.09/turn              (no ring)

@: confused, lethally poisoned (-2 -> -33), ambrosia-drunk
A: permanent stasis, dig shafts and tunnels, antennae 3, four strong arms
a: Dig, Shaft Self


You were on level 6 of the Dungeon.
You visited 1 branch of the dungeon, and saw 5 of its levels.

You collected 8 gold pieces.

Inventory:

Hand Weapons
 a - a +0 club (weapon)
Missiles
 d - 21 stones (quivered)
Armour
 b - a +0 robe (worn)


   Skills:
 - Level 1.7 Dodging
 - Level 2.4 Stealth
 - Level 2.1 Spellcasting
 + Level 1.3 Conjurations
 + Level 3.2 Fire Magic
 + Level 0.0 Poison Magic


You had 3 spell levels left.
You knew the following spells:

 Your Spells              Type           Power      Damage    Failure   Level
x - Sting                 Tmut/Pois      4%         1d3       24%         1
z - Foxfire               Conj/Fire      32%        2x1d5     9%          1

Your spell library contained the following spells:

 Spells                   Type           Power      Damage    Failure   Level
 Conjure Flame            Conj/Fire      8%         6-21      26%         3
 Poisonous Vapours        Pois/Air       2%         N/A       34%         2
 Inner Flame              Hex/Fire       6%         N/A       34%         3
 Sticky Flame             Conj/Fire      8%         2d3       65%         4
 Olgreb's Toxic Radiance  Pois           1%         N/A       93%         4
 Fireball                 Conj/Fire      4%         3d4       94%         5


Dungeon Overview and Level Annotations

Branches:
Dungeon (4/15)             Temple (0/1) D:6

Altars:


Innate Abilities, Weirdness & Mutations

You cannot be hasted, slowed, berserked, paralysed or teleported.
You can dig through walls and to a lower floor.
You have a pair of large antennae on your head. (SInv)
Your four strong arms can wield two-handed weapons with a shield.


Message History

Your magical contamination has completely faded away.
Casting: Foxfire (safe; 9% risk of failure)
Confirm with . or Enter, or press ? or * to list all spells.
You conjure some foxfire!
The killer bee zombie hits you.
The killer bee zombie barely misses you.
The scorpion stings you.
You are poisoned.
The scorpion poisons you!
It was a potion of ambrosia.
You are confused.
You feel invigorated.
You feel very sick.
The foxfire hits the killer bee zombie.
The killer bee zombie is lightly damaged.
The foxfire hits the killer bee zombie.
The killer bee zombie is moderately damaged.
The killer bee zombie barely misses you.
The killer bee zombie closely misses you.
The scorpion stings you.
You are lethally poisoned!
The scorpion poisons you!
You feel very sick. The scorpion stings you.
You are more poisoned.
The scorpion poisons you! The killer bee zombie hits you.
You barely miss the killer bee zombie.
The killer bee zombie is moderately damaged.
* * * LOW HITPOINT WARNING * * *
You feel extremely sick.
The killer bee zombie closely misses you.
The scorpion stings you but does no damage.
The killer bee zombie misses you. The scorpion barely misses you.
Okay, then.
* * * LOW HITPOINT WARNING * * *
You feel very sick. The killer bee zombie misses you. The scorpion stings you.
* * * LOW HITPOINT WARNING * * *
You are more poisoned.
The scorpion poisons you! The killer bee zombie hits you.
You die...

##...##
#.........
##...##
#.###...##
##.....## #.#
.⌠.# ###...##..#
#.###...#
.....###..##
#....# # ....##
##..# #....#
#...#
#..#####....#
##..#
#........Z..#
#..#
#.......@s..####
...#
########.......#
...## #.......#
..## #..[....#
.## #.......# .#
##'#...... .#
#..#......#
#..#......#
####......#


You could see a scorpion and a killer bee zombie.

Vanquished Creatures
  A dart slug (D:3)
  2 hobgoblins (D:2)
  A quokka (D:1)
  A goblin (D:1)
5 creatures vanquished.

Vanquished Creatures (others)
  15 foxfires
15 creatures vanquished.

Grand Total: 20 creatures vanquished

Notes
Turn   | Place    | Note
-------+----------+-------------------------------------------
     0 | D:1      | nxtlvl the Formicid Fire Elementalist began the quest for
                  | the Orb.
     0 | D:1      | Reached XP level 1. HP: 13/13 MP: 3/3
    34 | D:1      | Reached skill level 1 in Conjurations
   143 | D:3      | Reached XP level 2. HP: 12/19 MP: 1/5
   171 | D:4      | Learned a level 1 spell: Sting
   180 | D:4      | You fall into a shaft and drop 2 floors!
   217 | D:6      | Found a staircase to the Ecumenical Temple.
   308 | D:6      | Noticed a scorpion
   353 | D:6      | Slain by a killer bee zombie

Illustrated notes

Levels and vault maps discovered:
D:1:      nicolae_arrival_washed_ashore, layout_loops_cross, serial_shops,
          nicolae_shop_behind_doors, minmay_hedge_maze, minmay_pentomino_s2
D:2:      layout_loops_ring, shapermc_ecumenical_altar_venn,
          uniq_crazy_yiuf_cottage
D:3:      layout_basic, overflow_temple_1_default
D:4:      layout_basic, mainiacjoe_overflow_paths, abandoned_shop
D:6:      layout_gridville, mainiacjoe_overflow_catch_the_wave,
          minmay_temple_entry_junction, kennysheep_pointless_box,
          nicolae_sextant

Skill      XL: |  1 |
---------------+----+-----
Conjurations   | 1 |  1.3
Dodging        | |  1.7
Stealth        | |  2.4
Spellcasting   | |  2.1
Fire Magic     | |  3.2

Action                   || total
-------------------------++-------
Melee: Club              ||    12
Throw: Stone             ||     2
       Throwing net      ||     1
 Cast: Foxfire           ||     9
  Use: Potion            ||     1
 Stab: Sleeping          ||     1
Armor: Robe              ||     2
Dodge: Dodged            ||    19
